[ AOE2 MATCH · #505540775 ]
UnrankedTupi vs Spanish
Player's team · WIN
Rival team · LOSS
[ REPLAY ANALYSIS · EXTRACTED FROM THE RECORDED GAME ]
Feudal
9:41
Castle
—
Imperial
—
| APM avg | 56.3 |
| APM peak | 88 |
| eAPM avg | 23.2 |
| Villagers / military | 21 / 0 |
Focus
⚔️ 42.7% · 🌾 57.3%
Unknown (2550) ×7
Feudal
10:44
Castle
—
Imperial
—
| APM avg | 76.8 |
| APM peak | 130 |
| eAPM avg | 38.1 |
| Villagers / military | 21 / 0 |
Focus
⚔️ 31.0% · 🌾 69.0%
Match map
Initial resources + every placement click. Lines = walls · curves = elevation contours. ◆ gold · ⬟ stone · ● berries · ✦ relic · ◌ wall gap
Your base· Open — unwalled flank
MzTm | Monito Monito's base· Open — unwalled flank
Smoothed initial terrain · ◌ = detected wall gap · hover for details
Inputs per minute
— Ivannovich - - MzTm | Monito Monito
Build order — Ivannovich
64 actions detected in the replay
| 0:00 | Queue | Villager (Male) |
| 0:00 | Queue | Villager (Male) |
| 0:02 | Build | House |
| 0:05 | Build | House |
| 0:10 | Queue | Villager (Male) |
| 0:11 | Queue | Villager (Male) |
| 1:00 | Queue | Villager (Male) |
| 1:32 | Queue | Villager (Male) |
| 2:28 | Queue | Villager (Male) |
| 2:28 | Queue | Villager (Male) |
| 2:29 | Queue | Villager (Male) |
| 3:02 | Build | Settlement |
| 3:14 | Build | House |
| 3:19 | Queue | Villager (Male) |
| 3:20 | Queue | Villager (Male) |
| 3:20 | Queue | Villager (Male) |
| 4:23 | Queue | Villager (Male) |
| 4:25 | Queue | Villager (Male) |
| 4:28 | Queue | Villager (Male) |
| 5:25 | Queue | Villager (Male) |
| 5:40 | Build | House |
| 6:26 | Build | Barracks |
| 6:41 | Queue | Villager (Male) |
| 6:45 | Research | Loom |
| 7:18 | Queue | Unit 2550 |
| 7:22 | Build | House |
| 7:26 | Research | Feudal Age |
| 7:26 | Research | Feudal Age |
| 8:16 | Build | Barracks |
| 8:20 | Queue | Unit 2550 |
| 8:36 | Queue | Unit 2550 |
| 9:21 | Queue | Unit 2550 |
| 9:36 | Queue | Villager (Male) |
| 9:41 | Age | Feudal Age |
| 9:46 | Build | Watch Tower |
| 9:49 | Research | Tech 1402 |
| 9:56 | Build | Barracks |
| 10:01 | Queue | Unit 2550 |
| 10:13 | Build | Settlement |
| 10:56 | Queue | Unit 2550 |
| 11:31 | Build | Settlement |
| 11:43 | Build | Watch Tower |
| 11:53 | Build | Watch Tower |
| 12:31 | Queue | Villager (Male) |
| 12:36 | Build | Palisade Wall |
| 12:36 | Build | Palisade Wall |
| 12:37 | Build | Palisade Wall |
| 12:37 | Build | Palisade Wall |
| 12:37 | Build | Palisade Wall |
| 12:46 | Build | Palisade Wall |
| 13:02 | Queue | Unit 2550 |
| 13:20 | Build | Watch Tower |
| 13:36 | Build | Watch Tower |
| 13:38 | Queue | Villager (Male) |
| 13:43 | Build | House |
| 13:54 | Queue | Villager (Male) |
| 14:33 | Build | Palisade Wall |
| 14:33 | Build | Palisade Wall |
| 14:33 | Build | Palisade Wall |
| 14:34 | Build | Palisade Wall |
| 14:34 | Build | Palisade Wall |
| 14:34 | Build | Palisade Wall |
| 14:34 | Build | Palisade Wall |
| 14:35 | Build | Palisade Wall |
Build order — MzTm | Monito Monito
48 actions detected in the replay
| 0:01 | Queue | Villager (Male) |
| 0:01 | Queue | Villager (Male) |
| 0:02 | Queue | Villager (Male) |
| 0:02 | Queue | Villager (Male) |
| 0:03 | Build | House |
| 0:04 | Build | House |
| 0:05 | Build | House |
| 1:27 | Queue | Villager (Male) |
| 1:54 | Build | Lumber Camp |
| 1:56 | Queue | Villager (Male) |
| 2:22 | Queue | Villager (Male) |
| 2:50 | Queue | Villager (Male) |
| 3:17 | Queue | Villager (Male) |
| 3:36 | Queue | Villager (Male) |
| 4:13 | Queue | Villager (Male) |
| 4:26 | Queue | Villager (Male) |
| 5:05 | Queue | Villager (Male) |
| 5:11 | Build | Mill |
| 5:24 | Queue | Villager (Male) |
| 5:43 | Queue | Villager (Male) |
| 6:03 | Build | House |
| 6:07 | Queue | Villager (Male) |
| 6:14 | Queue | Villager (Male) |
| 6:27 | Build | Mining Camp |
| 6:42 | Queue | Villager (Male) |
| 6:56 | Queue | Villager (Male) |
| 7:27 | Queue | Villager (Male) |
| 7:48 | Build | Palisade Wall |
| 8:00 | Research | Loom |
| 8:23 | Build | Mill |
| 8:34 | Research | Feudal Age |
| 8:34 | Research | Feudal Age |
| 8:37 | Build | Palisade Gate |
| 8:51 | Build | Palisade Wall |
| 8:54 | Build | Palisade Wall |
| 9:07 | Build | House |
| 9:22 | Build | Palisade Gate |
| 9:43 | Build | Mill |
| 10:13 | Queue | Villager (Male) |
| 10:44 | Age | Feudal Age |
| 10:49 | Build | Blacksmith |
| 10:52 | Build | Palisade Wall |
| 10:54 | Build | Palisade Wall |
| 11:07 | Build | Palisade Wall |
| 12:14 | Build | Palisade Gate |
| 12:53 | Build | Market |
| 13:15 | Build | Palisade Wall |
| 13:18 | Build | Palisade Gate |
Match timeline
| 6:26 | Ivannovich · first_building Barracks |
| 7:48 | MzTm | Monito Monito · wall_segment Palisade Wall x1 |
| 8:51 | MzTm | Monito Monito · wall_segment Palisade Wall x1 |
| 8:54 | MzTm | Monito Monito · wall_segment Palisade Wall x1 |
| 9:41 | Ivannovich · age_up feudal |
| 10:44 | MzTm | Monito Monito · age_up feudal |
| 10:52 | MzTm | Monito Monito · wall_segment Palisade Wall x1 |
| 10:54 | MzTm | Monito Monito · wall_segment Palisade Wall x1 |
| 11:07 | MzTm | Monito Monito · wall_segment Palisade Wall x6 |
| 12:36 | Ivannovich · wall_segment Palisade Wall x1 |
| 12:36 | Ivannovich · wall_segment Palisade Wall x2 |
| 12:37 | Ivannovich · wall_segment Palisade Wall x1 |
| 12:37 | Ivannovich · wall_segment Palisade Wall x1 |
| 12:37 | Ivannovich · wall_segment Palisade Wall x1 |
| 12:46 | Ivannovich · wall_segment Palisade Wall x1 |
| 13:15 | MzTm | Monito Monito · wall_segment Palisade Wall x1 |
| 14:33 | Ivannovich · wall_segment Palisade Wall x1 |
| 14:33 | Ivannovich · wall_segment Palisade Wall x1 |
| 14:33 | Ivannovich · wall_segment Palisade Wall x1 |
| 14:34 | Ivannovich · wall_segment Palisade Wall x1 |
| 14:34 | Ivannovich · wall_segment Palisade Wall x1 |
| 14:34 | Ivannovich · wall_segment Palisade Wall x1 |
| 14:34 | Ivannovich · wall_segment Palisade Wall x2 |
| 14:35 | Ivannovich · wall_segment Palisade Wall x1 |
| 14:38 | MzTm | Monito Monito · resign |
[ AI ANALYSIS · 1 CREDIT ]
What really happened in this match?
Wolo.gg analyzes every decision: build order, eco, micro, common mistakes by bracket. Personalized analysis on WhatsApp or Discord in 30 seconds.
Civ guide
Tupi
Perfil
Ivannovich